 Dungeon Crawl Stone Soup version 0.23-a0-655-g3751e1c (webtiles) character file.

75814 Firecrotchwizard the Severer (level 15, -7/143 HPs)
             Began as a Hill Orc Monk on Jan 8, 2019.
             Was the Champion of Beogh.
             Mangled by a sun demon (13 damage)
             ... on level 14 of the Dungeon.
             The game lasted 01:00:42 (27367 turns).

Firecrotchwizard the Severer (Hill Orc Monk)       Turns: 27367, Time: 01:00:43

Health: -7/143     AC: 26    Str: 24    XL:     15   Next: 51%
Magic:  26/26      EV:  9    Int: 10    God:    Beogh [******]
Gold:   1741       SH:  0    Dex: 13    Spells: 14/14 levels left

rFire    . . .     SeeInvis +   G - +4 battleaxe (freeze)
rCold    + . .     Gourm    .   (shield currently unavailable)
rNeg     . . .     Faith    .   J - +0 plate armour
rPois    .         Spirit   .   s - +1 helmet
rElec    .         Reflect  .   y - +2 cloak
rCorr    .         Harm     .   B - +2 pair of gloves {Str+3}
MR       +....                  (no boots)
Stlth    ..........             (no amulet)
HPRegen  0.33/turn              Q - ring of see invisible {sInv, !d}
MPRegen  0.20/turn              b - ring of protection from cold {rC+, !d}

@: no status effects
A: walk on water
a: Smiting, Recall Orcish Followers, Give Item to Named Follower, Resurrection,
Renounce Religion


You were on level 14 of the Dungeon.
You worshipped Beogh.
Beogh was exalted by your worship.
You were not hungry.

You visited 2 branches of the dungeon, and saw 20 of its levels.

You collected 1992 gold pieces.
You spent 251 gold pieces at shops.

Inventory:

Hand Weapons
 k - a +0 blowgun
   (You took it off a kobold on level 3 of the Dungeon)
 D - the +8 arc blade {discharge, rElec}
   (You found it on level 5 of the Dungeon)

   It insulates you from electricity.
 G - a +4 battleaxe of freezing (weapon)
   (You took it off a wight on level 6 of the Dungeon)
 R - a +4 halberd
   (You took it off a wight on level 12 of the Dungeon)
 S - a cursed +4 trident
   (You took it off a wight on level 12 of the Dungeon)
Missiles
 q - 61 poisoned needles
 u - a throwing net {=f, !d}
 K - 2 curare-tipped needles
Armour
 s - a +1 helmet (worn)
   (You found it on level 4 of the Lair of Beasts)
 y - a +2 cloak (worn)
   (You found it on level 4 of the Dungeon)
 B - a +2 pair of gloves of strength (worn)
   (You found it on level 5 of the Dungeon)
 J - a +0 plate armour (worn)
   (You found it on level 8 of the Dungeon)
Jewellery
 b - a ring of protection from cold (right hand) {rC+, !d}
   (You found it on level 2 of the Lair of Beasts)
 f - an uncursed ring of resist corrosion
   (You found it on level 6 of the Lair of Beasts)
 h - an uncursed ring of wizardry {Wiz+, !d}
   (You found it on level 11 of the Dungeon)
 j - an uncursed ring of protection from magic {MR+, !d}
   (You found it on level 2 of the Dungeon)
 Q - a ring of see invisible (left hand) {sInv, !d}
   (You found it on level 12 of the Dungeon)
Wands
 o - a wand of polymorph (35)
   (You found it on level 2 of the Lair of Beasts)
 r - a wand of digging (5)
   (You found it on level 2 of the Lair of Beasts)
 x - a wand of disintegration (12)
   (You found it on level 5 of the Lair of Beasts)
 E - a wand of enslavement (9)
   (You found it on level 6 of the Lair of Beasts)
 F - a wand of iceblast (11)
   (You found it on level 6 of the Lair of Beasts)
Scrolls
 d - 9 scrolls of remove curse
 e - 5 scrolls of fog
 g - 11 scrolls of identify
 i - 4 scrolls of random uselessness
 m - 7 scrolls of teleportation
 n - a scroll of blinking {!r}
 p - 6 scrolls of amnesia
 t - 2 scrolls of immolation {!r}
 C - a scroll of magic mapping {!r}
 I - 2 scrolls of fear
 M - a scroll of summoning
 N - 2 scrolls of acquirement
 V - a scroll of enchant weapon
Potions
 a - a potion of might
 l - 7 potions of curing
 v - 2 potions of ambrosia
 w - 2 potions of cancellation
 z - 2 potions of mutation {unknown}
 A - 3 potions of brilliance
 H - a potion of agility
 L - 2 potions of haste
 O - 3 potions of flight {unknown}
 P - a potion of heal wounds
 T - 2 potions of lignification {unknown}
 U - a potion of magic {unknown}
Comestibles
 c - 39 rations
 W - 2 chunks of flesh {@w0}


   Skills:
 + Level 15.8 Fighting
 + Level 18.3 Axes
 - Level 14.1 Armour
 + Level 3.6 Dodging
 - Level 1.5 Stealth
 + Level 15.3 Invocations


You had 14 spell levels left.
You didn't know any spells.
Your spell library contained the following spells:

 Spells                   Type           Power        Failure   Level  Hunger
 Confusing Touch          Hex            #.....       97%         1    ##.....
 Magic Dart               Conj           #...         97%         1    ##.....
 Searing Ray              Conj           #.....       99%         2    ###....
 Confuse                  Hex            #.......     100%        3    ####...
 Dazzling Spray           Conj/Hex       #.....       100%        3    ####...
 Gell's Gravitas          Tloc           #.........   100%        3    ####...
 Force Lance              Conj/Tloc      #.......     100%        4    #####..
 Fulminant Prism          Conj/Hex       #.........   100%        4    #####..
 Iskenderun's Mystic Bla  Conj           #.......     100%        4    #####..
 Petrify                  Tmut/Erth      #.......     100%        4    #####..
 Metabolic Englaciation   Hex/Ice        #.........   100%        5    ######.
 Yara's Violent Unravell  Hex/Tmut       #.........   100%        5    ######.


Dungeon Overview and Level Annotations

Branches:
Dungeon (14/15)            Temple (0/1) D:5            Lair (6/6) D:8
  Swamp (0/4) Lair:3        Snake (0/4) Lair:4        Slime (0/5) Lair:5
    Orc (0/2) D:10
 Vaults: D:13-14

Altars:
Cheibriados
Elyvilon
Gozag
Kikubaaqudgha
Nemelex Xobeh
Okawaru
Xom
Yredelemnul
The Shining One
Beogh
Jiyva

Shops:
D:4 :*   D:6 *   D:9 !   D:10 !

Annotations:
D:12 1 runed door
Lair:4 exclusion: oklob plant
Lair:5 1 runed door, exclusion: 2 oklob plants


Message History

You freeze the human.
You hit the vault guard but do no damage.
The vault guard hits you but does no damage.
The tengu warrior hits your orc warrior with a +0 dire flail!
The tengu warrior barely misses your orc warrior.
The tengu warrior claws your orc warrior.
Your orc warrior barely misses the tengu warrior.
Your orc warrior hits the water elemental with a +0 battleaxe!!
The water elemental is destroyed!
Beogh accepts your kill.
Your orc warrior looks more experienced.
The human hits you but does no damage.
You closely miss the human. You slash the vault guard!
You freeze the vault guard.
You kill the vault guard!
Beogh accepts your kill.
Your orc priest looks more experienced.
You closely miss the human.
Your orc warrior looks more healthy.
The human hits you but does no damage.
A wraith comes into view.
Oreg hits the human from afar with a +0 halberd!!
The human dies!
Beogh accepts your kill.
The tengu warrior hits your orc warrior with a +0 dire flail.
The tengu warrior misses your orc warrior.
The tengu warrior claws your orc warrior but does no damage.
The human hits you!
You take 7 damage, and have 48/143 hp.
A human comes into view.
The human shouts!
Your orc warrior misses the tengu warrior.
Your orc warrior hits the crimson imp with a +0 battleaxe!
The crimson imp dies!
Beogh accepts your kill.
The human hits you but does no damage. x2
The tengu warrior hits your orc warrior with a +0 dire flail!
Your orc warrior dies!
You see here a human corpse.
You closely miss the human. You slash the wraith! You freeze the wraith.
You slash the human! You freeze the human.
A sun demon comes into view.
The crimson imp blinks!
The human hits you but does no damage. The wraith hits you but does no damage.
A wraith comes into view.
You slice the human!! You freeze the human.
You kill the human!
Beogh accepts your kill.
You slash the wraith! You freeze the wraith.
You destroy the wraith!
Beogh accepts your kill.
You slice the human!! You freeze the human.
You kill the human!
Beogh accepts your kill.
Your orc priest hits the tengu warrior with a +0 hand axe.
Oreg closely misses the tengu warrior.
The tengu warrior closely misses Olfik.
The tengu warrior pecks Olfik.
The tengu warrior claws Olfik!
Olfik completely misses the tengu warrior.
The sun demon barely misses your orc priest.
Your orc priest misses the tengu warrior.
Your orc priest hits the sun demon with a +0 hand axe.
Oreg completely misses the tengu warrior.
The tengu warrior hits Olfik with a +0 dire flail!
The tengu warrior misses Olfik.
The tengu warrior claws Olfik.
Olfik completely misses the tengu warrior.
Olfik hits the sun demon with a +0 hand axe.
Your orc priest barely misses the tengu warrior.
A human comes into view.
The tengu warrior hits Olfik with a +0 dire flail.
The tengu warrior pecks Olfik.
The tengu warrior claws Olfik.
Oreg hits the tengu warrior from afar with a +0 halberd!!
The tengu warrior dies!
Beogh accepts your kill.
Oreg looks more experienced.
Items here: )) [[ † a +0 battleaxe; a +0 chain mail; a +3 great sword; a +0 plate armour an orc corpse The sun demon hits Olfik!!
Olfik dies!
The crimson imp blinks!
A white imp comes into view.
Oreg hits the wraith with a +0 halberd!
You slash the sun demon! You freeze the sun demon. You barely miss the wraith.
Your orc priest looks braver for a moment.
Your plate armour prevents you from hitting the sun demon.
You slash the wraith! You freeze the wraith. The sun demon hits you!
* * * LOW HITPOINT WARNING * * *
You are engulfed in flames!!
* * * LOW HITPOINT WARNING * * *
The wraith barely misses you.
Oreg hits the wraith with a +0 halberd!
The wraith is destroyed!
Beogh accepts your kill.
A shadow comes into view.
Your orc priest barely misses the sun demon.
You take 32 damage, and have 18/143 hp.
MASSIVE DAMAGE!!
You slash the sun demon! You freeze the sun demon. The sun demon hits you!
* * * LOW HITPOINT WARNING * * *
You are engulfed in flames!
You die...

o.##
##...####....
..# ##..##
#..W# ###
##..###...###.
##..##....).$
##..#...#
#.##..).)p#
#.....)p.#
#...##)).#
######.@o#
#.3.## #$o..#
#)).## ....#
....5# ..#....
####.....
#......


You could see a sun demon, 2 humans, a shadow, a white imp, the friendly Oreg
the orc knight and a friendly orc priest.

Vanquished Creatures
  A vault guard (D:14)
  8 hydras
  A catoblepas (D:12)
  3 two-headed ogres
  A tengu warrior (D:13)
  6 death yaks (Lair:6)
  3 unseen horrors
  A wolf spider (Lair:6)
  3 deep elf magi
  3 ugly things
  A cyclops (D:13)
  6 elephants
  3 black mambas
  Maurice (D:11)
  A guardian serpent (Lair:6)
  2 rime drakes (Lair:5)
  3 centaur skeletons (D:13)
  5 gargoyles
  Psyche (D:8)
  2 torpor snails
  A kobold demonologist (D:13)
  14 spiny frogs
  4 komodo dragons
  3 trolls
  A tengu conjurer (D:13)
  A hornet (Lair:5)
  A centaur simulacrum (D:14)
  17 dream sheep
  A meliai zombie (D:11)
  Grinder (D:5)
  23 blink frogs
  6 hippogriffs
  A shadow (D:13)
  3 redbacks (Lair:6)
  2 wraiths
  47 yaks
  2 vampires
  6 wyverns (Lair:6)
  2 humans (D:14)
  5 hungry ghosts
  5 basilisks
  9 vampire mosquitoes
  3 nagas (Lair:4)
  13 soldier ants (D:10)
  25 water moccasins
  5 porcupines
  7 orc warriors
  3 ice beasts
  A black bear (D:6)
  3 eyes of draining
  A phantom (D:9)
  4 ogres
  9 wolves
  9 centaurs
  6 crocodiles
  A big kobold (D:9)
  15 bullfrogs
  9 scorpions
  A water moccasin skeleton (D:8)
  11 killer bees
  10 wights
  7 electric eels
  8 crimson imps
  2 howler monkeys (D:8)
  A bullfrog zombie (D:5)
  3 centaur zombies
  A quasit (D:10)
  3 jellies
  7 hounds
  An orc wizard (D:6)
  An orc priest (D:6)
  5 bullfrog skeletons
  Natasha (thrice) (D:3)
  An iguana (D:13)
  20 worker ants
  3 hell rats (Lair:6)
  Terence (D:3)
  A worker ant zombie (D:7)
  3 river rats (Lair:6)
  11 adders
  5 shadow imps
  2 adder skeletons (D:4)
  3 worms
  A dart slug (D:3)
  5 leopard geckos
  17 orcs
  5 giant cockroaches
  13 goblins
  8 hobgoblins
  9 jackals
  12 kobolds
  4 quokkas
  A ball python (D:7)
  5 bats
  3 frilled lizards
  A quokka zombie (D:7)
  12 rats
  5 fungi
  2 plants (Lair:6)
541 creatures vanquished.

Vanquished Creatures (collateral kills)
  Frances (D:14)
  Harold (D:11)
  A hydra (Lair:5)
  2 vault guards (D:14)
  2 two-headed ogres
  A tengu warrior (D:14)
  A queen ant (D:10)
  An oklob plant (Lair:5)
  An ugly thing (D:11)
  A manticore (D:11)
  4 black mambas (Lair:6)
  A centaur zombie (D:14)
  2 elephants (Lair:5)
  A spiny frog (Lair:6)
  3 komodo dragons
  2 rime drakes (Lair:6)
  A tengu conjurer (D:14)
  A queen bee (shapeshifter) (D:14)
  2 hornets
  3 dream sheep
  2 wyverns (Lair:6)
  2 wraiths (D:14)
  2 water elementals (D:14)
  2 humans (D:14)
  5 yaks
  A basilisk (Lair:6)
  5 soldier ants (D:10)
  4 water moccasins (Lair:6)
  A porcupine (Lair:3)
  An ice beast (D:11)
  An orc warrior (D:13)
  2 bullfrogs
  3 crimson imps
  An orc priest (D:10)
  A bullfrog skeleton (D:10)
  An orc wizard (D:11)
  12 worker ants (D:10)
  A hell rat (Lair:6)
  A river rat (Lair:6)
  2 adders
  5 orcs
  2 bushes (Lair:5)
  A fungus (Lair:5)
90 creatures vanquished.

Vanquished Creatures (others)
  An orc sorcerer (Lair:6)
  A hydra (D:14)
  4 orc wizards
  7 orc warriors
  5 orc priests
  A quasit (D:6)
  25 orcs
  A jackal (D:6)
  A bush (Lair:6)
  14 fungi
  25 plants
85 creatures vanquished.

Grand Total: 716 creatures vanquished

Notes
Turn   | Place    | Note
-------+----------+-------------------------------------------
     0 | D:1      | Firecrotchwizard the Hill Orc Monk began the quest for the
                  | Orb.
     0 | D:1      | Reached XP level 1. HP: 19/19 MP: 1/1
   267 | D:1      | HP: 4/20 [hobgoblin/+0 club (2)]
   268 | D:1      | Reached XP level 2. HP: 5/27 MP: 2/2
  1023 | D:2      | Reached skill level 1 in Armour
  1074 | D:2      | Reached skill level 4 in Fighting
  1074 | D:2      | Reached XP level 3. HP: 11/33 MP: 3/3
  1083 | D:2      | HP: 8/33 [poisoned by an adder]
  1091 | D:2      | HP: 7/33 [poisoned by an adder]
  1378 | D:2      | Reached skill level 5 in Axes
  1386 | D:2      | HP: 8/33 [poisoned by an adder]
  1391 | D:2      | HP: 6/33 [poisoned by an adder]
  1397 | D:2      | HP: 5/33 [poisoned by an adder]
  1405 | D:2      | HP: 3/33 [poisoned by an adder]
  2013 | D:2      | Reached XP level 4. HP: 40/40 MP: 4/4
  2357 | D:2      | Found a snail-covered altar of Cheibriados.
  2357 | D:2      | Found a shimmering altar of Xom.
  2595 | D:2      | Found an opulent altar of Gozag.
  2745 | D:3      | Reached skill level 2 in Armour
  3025 | D:3      | Noticed Terence
  3045 | D:3      | Killed Terence
  3045 | D:3      | Reached skill level 6 in Axes
  3045 | D:3      | Reached XP level 5. HP: 44/47 MP: 5/5
  3619 | D:3      | Noticed Natasha
  3632 | D:3      | Killed Natasha
  3756 | D:3      | Noticed Natasha
  3785 | D:3      | Killed Natasha
  3839 | D:3      | Noticed Natasha
  3853 | D:3      | HP: 11/47 [crimson imp[Natasha] (1)]
  3855 | D:3      | Killed Natasha
  3855 | D:3      | Reached skill level 5 in Fighting
  3855 | D:3      | Reached XP level 6. HP: 19/56 MP: 6/6
  4154 | D:4      | Reached skill level 3 in Armour
  4318 | D:4      | You fall through a shaft for 3 floors!
  4397 | D:7      | Reached skill level 7 in Axes
  4641 | D:7      | Reached XP level 7. HP: 43/62 MP: 7/7
  4793 | D:7      | Reached skill level 8 in Axes
  4855 | D:7      | Reached skill level 4 in Armour
  4957 | D:7      | Reached skill level 6 in Fighting
  5271 | D:7      | Reached skill level 9 in Axes
  5436 | D:6      | Reached XP level 8. HP: 56/71 MP: 8/8
  5655 | D:5      | Entered Level 5 of the Dungeon
  5780 | D:5      | Found an iron altar of Okawaru.
  5798 | D:5      | Noticed Grinder
  6044 | D:4      | Found Wopniurr's Book Shoppe.
  6105 | D:4      | Found Ytutterph's Assorted Antiques.
  6129 | D:4      | Reached skill level 5 in Armour
  6132 | D:4      | Became a worshipper of Beogh the Brigand
  6132 | D:4      | Reached * piety under Beogh
  6132 | D:4      | Reached ** piety under Beogh
  6466 | D:5      | Reached skill level 10 in Axes
  6486 | D:5      | Found an iron altar of Okawaru.
  6498 | D:5      | Found a sparkling altar of Nemelex Xobeh.
  6572 | D:5      | Found a staircase to the Ecumenical Temple.
  6590 | D:5      | Reached skill level 7 in Fighting
  6832 | D:5      | Found the +8 arc blade {discharge, rElec}
  7225 | D:5      | Killed Grinder
  7225 | D:5      | Reached skill level 11 in Axes
  7225 | D:5      | Reached XP level 9. HP: 78/79 MP: 9/9
  7297 | D:6      | Reached skill level 6 in Armour
  7299 | D:6      | Found Masyqy's Mayhem Merchandise.
  7319 | D:6      | Bought a +0 battleaxe for 91 gold pieces
  7696 | D:6      | Reached skill level 1 in Invocations
  7697 | D:6      | Reached skill level 8 in Fighting
  7721 | D:6      | Found a glowing golden altar of the Shining One.
  7751 | D:6      | Reached skill level 2 in Invocations
  8790 | D:8      | Noticed a two-headed ogre
  8881 | D:8      | Killed a two-headed ogre
  8881 | D:8      | Reached skill level 12 in Axes
  8881 | D:8      | Reached skill level 7 in Armour
  8881 | D:8      | Reached skill level 4 in Invocations
  8933 | D:8      | Reached skill level 9 in Fighting
  8963 | D:8      | Reached XP level 10. HP: 91/91 MP: 13/13
  8976 | D:8      | Noticed Psyche
  8981 | D:8      | Killed Psyche
  8981 | D:8      | Reached skill level 5 in Invocations
  9087 | D:8      | Reached skill level 8 in Armour
  9103 | D:8      | Found a staircase to the Lair.
  9339 | D:8      | Reached *** piety under Beogh
  9339 | D:8      | Reached skill level 6 in Invocations
  9493 | D:8      | Found a glowing golden altar of the Shining One.
  9525 | D:8      | Identified 3 scrolls of acquirement
  9535 | D:8      | Noticed a deep elf mage
  9550 | D:8      | Killed a deep elf mage
  9550 | D:8      | Reached skill level 10 in Fighting
  9905 | D:9      | Found Qehon's Distillery.
  9948 | D:9      | Bought 2 potions of heal wounds for 160 gold pieces
  9965 | D:9      | Reached skill level 13 in Axes
 10219 | D:9      | Found an ancient bone altar of Kikubaaqudgha.
 10225 | D:9      | Found a white marble altar of Elyvilon.
 10230 | D:9      | Found a basalt altar of Yredelemnul.
 10416 | D:10     | Entered Level 10 of the Dungeon
 10461 | D:10     | Found a roughly hewn altar of Beogh.
 10461 | D:10     | Found a staircase to the Orcish Mines.
 10463 | D:10     | Reached skill level 7 in Invocations
 10515 | D:10     | Killed an unseen horror
 10515 | D:10     | Reached XP level 11. HP: 69/101 MP: 16/16
 10815 | D:10     | Reached skill level 9 in Armour
 11042 | D:10     | Noticed a two-headed ogre
 11048 | D:10     | Killed a two-headed ogre
 11066 | D:10     | Reached skill level 8 in Invocations
 11070 | D:10     | Reached **** piety under Beogh
 11105 | D:10     | Noticed a queen ant
 11111 | D:10     | Killed a queen ant
 11111 | D:10     | Reached skill level 11 in Fighting
 11111 | D:10     | Gained Orkwin as an ally
 11121 | D:10     | HP: 25/102 [poisoned by a worker ant]
 11126 | D:10     | HP: 19/102 [poisoned by a worker ant]
 11132 | D:10     | HP: 16/102 [poisoned by a worker ant]
 11138 | D:10     | HP: 14/102 [poisoned by a worker ant]
 11143 | D:10     | HP: 13/102 [poisoned by a worker ant]
 11150 | D:10     | HP: 13/102 [poisoned by a worker ant]
 11158 | D:10     | HP: 13/102 [poisoned by a worker ant]
 11905 | D:10     | Found Xukke's Distillery.
 11979 | D:10     | Got a slimy robe
 12320 | Lair:1   | Entered Level 1 of the Lair of Beasts
 12338 | Lair:1   | Reached skill level 14 in Axes
 12371 | Lair:1   | Reached skill level 9 in Invocations
 12412 | Lair:1   | Reached skill level 10 in Armour
 12724 | Lair:1   | Reached XP level 12. HP: 38/111 MP: 19/19
 12728 | Lair:1   | HP: 27/111 [yak (8)]
 13399 | Lair:1   | Reached skill level 10 in Invocations
 13567 | Lair:1   | Noticed a seven-headed hydra
 13582 | Lair:1   | Killed a seven-headed hydra
 13582 | Lair:1   | Reached skill level 12 in Fighting
 14342 | Lair:2   | HP: 28/112 [komodo dragon (19)]
 14344 | Lair:2   | HP: 3/112 [blink frog (11)]
 15036 | Lair:3   | Reached skill level 15 in Axes
 15036 | Lair:3   | Reached skill level 11 in Armour
 15343 | Lair:3   | Reached ***** piety under Beogh
 15383 | Lair:3   | Noticed a seven-headed hydra
 15387 | Lair:3   | Killed a seven-headed hydra
 15387 | Lair:3   | Reached skill level 11 in Invocations
 15529 | Lair:3   | Found a staircase to the Swamp.
 16000 | Lair:3   | Noticed an eight-headed hydra
 16010 | Lair:3   | HP: 26/113 [eight-headed hydra (6)]
 16012 | Lair:3   | Killed an eight-headed hydra
 16399 | Lair:3   | Reached XP level 13. HP: 88/119 MP: 21/21
 16685 | Lair:4   | Reached skill level 13 in Fighting
 17444 | Lair:4   | Reached skill level 12 in Invocations
 17576 | Lair:4   | Found a staircase to the Snake Pit.
 18242 | Lair:5   | Reached skill level 12 in Armour
 18611 | Lair:5   | Reached skill level 16 in Axes
 19043 | Lair:5   | Found the +9 heavy crossbow "Sniper" {velocity, Acc+∞ SInv}
 19387 | Lair:5   | Gained Korbok as an ally
 19397 | Lair:5   | Found a runed door.
 19398 | Lair:5   | Found a viscous altar of Jiyva.
 19400 | Lair:5   | Found a staircase to the Slime Pits.
 19691 | Lair:6   | Entered Level 6 of the Lair of Beasts
 19952 | Lair:6   | Reached skill level 14 in Fighting
 20175 | Lair:6   | Reached skill level 13 in Invocations
 20189 | Lair:6   | HP: 31/124 [yak (35)]
 20192 | Lair:6   | HP: 9/124 [redback (8)]
 20197 | Lair:6   | HP: 26/124 [poisoned by a water moccasin]
 20202 | Lair:6   | HP: 22/124 [redback (10)]
 20211 | Lair:6   | HP: 15/124 [wyvern (9)]
 20215 | Lair:6   | Reached XP level 14. HP: 28/132 MP: 23/23
 20922 | Lair:6   | Reached skill level 13 in Armour
 21371 | Lair:6   | Your ally Korbok died
 21379 | Lair:5   | Reached skill level 17 in Axes
 21550 | Lair:5   | HP: 33/133 [poisoned by a wolf spider]
 21556 | Lair:5   | HP: 30/133 [poisoned by a wolf spider]
 21562 | Lair:5   | HP: 28/133 [poisoned by a wolf spider]
 21567 | Lair:5   | HP: 28/133 [poisoned by a wolf spider]
 21574 | Lair:5   | HP: 28/133 [poisoned by a wolf spider]
 21582 | Lair:5   | HP: 28/133 [poisoned by a wolf spider]
 22360 | Lair:6   | Reached skill level 14 in Invocations
 23389 | D:11     | Noticed Maurice
 23407 | D:11     | Killed Maurice
 23407 | D:11     | Reached skill level 15 in Fighting
 23418 | D:11     | Gained Hawl as an ally
 23853 | D:11     | Noticed Harold
 23862 | D:11     | Killed Harold
 23982 | D:11     | Reached ****** piety under Beogh
 24954 | D:12     | Found a runed door.
 25874 | D:13     | Reached XP level 15. HP: 138/141 MP: 25/25
 25956 | D:13     | Reached skill level 14 in Armour
 26387 | D:13     | Reached skill level 18 in Axes
 26500 | D:13     | Reached skill level 15 in Invocations
 26663 | D:13     | Found a roughly hewn altar of Beogh.
 26669 | D:13     | Gained Ognian as an ally
 27311 | D:14     | Reached skill level 3 in Dodging
 27318 | D:14     | Noticed Frances
 27328 | D:14     | Killed Frances
 27332 | D:14     | Your ally Ognian died
 27340 | D:14     | Gained Olfik as an ally
 27343 | D:14     | Gained Oreg as an ally
 27364 | D:14     | Your ally Olfik died
 27366 | D:14     | HP: 18/143 [sun demon (19)]
 27367 | D:14     | HP: 6/143 [sun demon (12)]
 27367 | D:14     | Mangled by a sun demon

Vault maps used:
D:1:      minmay_arrival_diagonal_passages
D:2:      minmay_skewed_foursquare, nicolae_overflow_crystal_walls,
          gammafunk_temple_overflow_wave
D:3:      uniq_natasha, uniq_terence
D:4:      serial_shops, shop, shop, minmay_between
D:5:      grunt_temple_overflow_open, minmay_temple_entry_slanted, basic_altar,
          first_ration, uniq_grinder
D:6:      kennysheep_mini, minmay_shop_mayhem, lemuel_flame_loot_1
D:7:      grunt_ogre_cave
D:8:      erik_lair_island, basic_altar, uniq_psyche
D:9:      minmay_overflow_temple_star_quad, serial_shops, nicolae_shop_crystal
D:10:     david_orc_5, serial_shops, nicolae_shop_trees, zaba_anthell
D:11:     uniq_maurice, uniq_harold
D:12:     gammafunk_mikee_crab_dinner
D:13:     minmay_blocking_statues, special_room, dk_noncrumbling_4
D:14:     ximxim_vaults_locker_room, serial_shops, shop, nicolae_water_bricks,
          minmay_fire_ice_demons, uniq_frances
Lair:1:   gauntlet_entry_generic
Lair:2:   grunt_megastairs_3, lemuel_fruit_tree
Lair:3:   minmay_swamp_entry_swarm, beast_lair_carwin_11, serial_bayou_shore_a,
          infiniplex_staircase_pool
Lair:4:   guppyfry_snake_entry_garden, bh_chokoban, minmay_lair_oklob_bushes,
          grunt_megastairs_2
Lair:5:   slime_altar_2, portal_ice_cave_rime, minmay_lair_oklob_chamber
Lair:6:   hangedman_lair_tendril_chambers, kennysheep_abandoned_house

Skill      XL: |  1  2  3  4  5  6  7  8  9 10 11 12 13 14 15 |
---------------+----------------------------------------------+-----
Armour         | 1 2 3 4 5 7 8 10 11 12 13 14 | 14.1
Fighting       | 4 5 6 7 9 10 11 12 14 15 | 15.8
Axes           | 5 6 7 9 11 12 13 14 15 16 17 18 | 18.3
Invocations    | 4 7 9 11 13 14 15 | 15.3
Dodging        | 3 |  3.6
Stealth        | |  1.5

Action                   |  1- 3 |  4- 6 |  7- 9 | 10-12 | 13-15 || total
-------------------------+-------+-------+-------+-------+-------++-------
Melee: Hand axe          |    99 |   316 |    89 |       |       ||   504
       Spear             |       |       |    56 |       |       ||    56
       Mace              |       |       |    57 |       |       ||    57
       Rapier            |       |       |    29 |    77 |    42 ||   148
       War axe           |       |       |     7 |       |       ||     7
       Battleaxe         |       |       |    60 |   386 |   732 ||  1178
 Fire: Blowgun           |       |       |       |       |     1 ||     1
Throw: Throwing net      |       |       |       |       |     2 ||     2
Invok: Convert to Beogh  |       |       |     1 |       |       ||     1
       Smiting           |       |       |     3 |     9 |       ||    12
       Recall Orcish Fol |       |       |       |     1 |     1 ||     2
       Give Item to Name |       |       |       |       |     1 ||     1
Evoke: Wand              |       |       |       |     2 |     4 ||     6
  Use: Potion            |     1 |     1 |       |     7 |     6 ||    15
       Scroll            |       |       |     9 |    15 |     6 ||    30
 Stab: Sleeping          |     1 |       |       |       |       ||     1
       Distracted        |       |       |       |     4 |     7 ||    11
       Paralysed         |       |       |       |       |     6 ||     6
       Held in net/web   |       |       |       |       |     1 ||     1
  Eat: Chunk             |     1 |     8 |     7 |    18 |    18 ||    52
       Ration            |     1 |       |     2 |     4 |     5 ||    12
Armor: Robe              |     7 |       |       |       |       ||     7
       Ring mail         |    12 |    24 |       |       |       ||    36
       Chain mail        |       |   102 |   142 |     1 |       ||   245
       Plate armour      |       |       |       |   359 |   630 ||   989
Dodge: Dodged            |    66 |   152 |   106 |   179 |   294 ||   797

Table legend:
 A = Non-vault XP
 B = Vault XP
 C = Vault XP percentage of total XP
 D = Non-vault monster count
 E = Vault monster count
 F = Vault count percentage of total count
                 A         B        C        D         E       F
            +---------+---------+-------+---------+---------+-------
      Total |   75029 |   33278 |  30.7 |     446 |     175 |  28.2
            +---------+---------+-------+---------+---------+-------
        D:1 |      23 |       0 |   0.0 |      13 |       0 |   0.0
        D:2 |      68 |      31 |  31.3 |      25 |       4 |  13.8
        D:3 |     142 |      68 |  32.4 |      24 |       2 |   7.7
        D:4 |     218 |     115 |  34.5 |      10 |       2 |  16.7
        D:5 |     621 |     254 |  29.0 |      16 |       1 |   5.9
        D:6 |    1013 |       0 |   0.0 |      24 |       0 |   0.0
        D:7 |     974 |     118 |  10.8 |      21 |       1 |   4.5
        D:8 |    2840 |    1241 |  30.4 |      22 |       9 |  29.0
        D:9 |     593 |       0 |   0.0 |      19 |       0 |   0.0
       D:10 |    2609 |    3713 |  58.7 |      12 |      47 |  79.7
       D:11 |    6299 |    1217 |  16.2 |      38 |       2 |   5.0
       D:12 |    1987 |     928 |  31.8 |      14 |       1 |   6.7
       D:13 |    4693 |    7102 |  60.2 |      22 |      23 |  51.1
       D:14 |    4910 |    4639 |  48.6 |      19 |       9 |  32.1
     Lair:1 |    8003 |       0 |   0.0 |      34 |       0 |   0.0
     Lair:2 |    1784 |      88 |   4.7 |       7 |       1 |  12.5
     Lair:3 |    7396 |    1118 |  13.1 |      28 |       7 |  20.0
     Lair:4 |    3353 |    1699 |  33.6 |      12 |       9 |  42.9
     Lair:5 |    7841 |    1917 |  19.6 |      25 |       8 |  24.2
     Lair:6 |   19662 |    9030 |  31.5 |      61 |      49 |  44.5
            +---------+---------+-------+---------+---------+-------

Vault maps used:
D:1:      minmay_arrival_diagonal_passages
D:2:      minmay_skewed_foursquare, nicolae_overflow_crystal_walls,
          gammafunk_temple_overflow_wave
D:3:      uniq_natasha, uniq_terence
D:4:      serial_shops, shop, shop, minmay_between
D:5:      grunt_temple_overflow_open, minmay_temple_entry_slanted, basic_altar,
          first_ration, uniq_grinder
D:6:      kennysheep_mini, minmay_shop_mayhem, lemuel_flame_loot_1
D:7:      grunt_ogre_cave
D:8:      erik_lair_island, basic_altar, uniq_psyche
D:9:      minmay_overflow_temple_star_quad, serial_shops, nicolae_shop_crystal
D:10:     david_orc_5, serial_shops, nicolae_shop_trees, zaba_anthell
D:11:     uniq_maurice, uniq_harold
D:12:     gammafunk_mikee_crab_dinner
D:13:     minmay_blocking_statues, special_room, dk_noncrumbling_4
D:14:     ximxim_vaults_locker_room, serial_shops, shop, nicolae_water_bricks,
          minmay_fire_ice_demons, uniq_frances
Lair:1:   gauntlet_entry_generic
Lair:2:   grunt_megastairs_3, lemuel_fruit_tree
Lair:3:   minmay_swamp_entry_swarm, beast_lair_carwin_11, serial_bayou_shore_a,
          infiniplex_staircase_pool
Lair:4:   guppyfry_snake_entry_garden, bh_chokoban, minmay_lair_oklob_bushes,
          grunt_megastairs_2
Lair:5:   slime_altar_2, portal_ice_cave_rime, minmay_lair_oklob_chamber
Lair:6:   hangedman_lair_tendril_chambers, kennysheep_abandoned_house

Table legend:
 A = Turns spent in this place as a percentage of turns spent in the entire game.
 B = Non-inter-level travel turns spent in this place as a percentage of non-inter-level travel turns spent in the entire game.
 C = Inter-level travel turns spent in this place as a percentage of turns spent in this place.
 D = Turns resting spent in this place as a percentage of non-inter-level travel turns spent in this place.
 E = Turns spent auto-exploring this place as a percentage of non-inter-level travel turns spent in this place.
 F = Non-inter-level travel turns spent in this place divided by the number of levels of this place that you've seen.
                   A       B       C       D       E      F
               +-------+-------+-------+-------+-------+----------------------
         Total | 100.0 | 100.0 |   2.2 |  43.5 |  37.2 | 1337.8
       Dungeon |  59.7 |  60.1 |   1.6 |  39.6 |  42.3 | 1148.5
          Lair |  40.3 |  39.9 |   3.1 |  49.5 |  29.6 | 1779.5
               +-------+-------+-------+-------+-------+----------------------

Table legend:
 A = Kills in this place as a percentage of kills in entire the game.
 B = Kills by you in this place as a percentage of kills by you in the entire game.
 C = Kills by friends in this place as a percentage of kills by friends in the entire game.
 D = Other kills in this place as a percentage of other kills in the entire game.
 E = Experience gained in this place as a percentage of experience gained in the entire game.
 F = Experience gained in this place divided by the number of levels of this place that you have seen.
                   A       B       C       D       E      F
               +-------+-------+-------+-------+-------+----------------------
         Total | 100.0 | 100.0 | 100.0 | 100.0 | 100.0 | 5415.4
       Dungeon |  61.2 |  60.3 |  66.3 | 100.0 |  42.9 | 3315.4
          Lair |  38.8 |  39.7 |  33.7 |   0.0 |  57.1 | 10315.2
               +-------+-------+-------+-------+-------+----------------------
